 Dungeon Crawl Stone Soup version 0.19.0-2-gae57169 (webtiles) character file.

312 Alarkh the Grave Robber (level 6, -2/41 HPs)
             Began as a Mummy Necromancer on Nov 5, 2016.
             Was a Follower of Okawaru.
             Slain by a water moccasin zombie (6 damage)
             ... on level 6 of the Dungeon.
             The game lasted 00:05:46 (2892 turns).

Alarkh the Grave Robber (Mummy Necromancer)         Turns: 2892, Time: 00:05:47

Health: -2/41      AC:  4    Str: 16    XL:     6   Next: 18%
Magic:  12/12      EV: 11    Int: 17    God:    Okawaru [*.....]
Gold:   152        SH:  0    Dex: 12    Spells: 2 memorised, 9 levels left

rFire  x . .     SeeInvis .     o - +0 mace
rCold  + + .     Gourm    .     r - +1 leather armour {rC+}
rNeg   + + +     Faith    .     (no shield)
rPois  ∞         Spirit   .     (no helmet)
rElec  .         Reflect  .     (no cloak)
rCorr  .         Harm     .     (no gloves)
MR     .....                    (no boots)
Stlth  +.........               (no amulet)
                                (no ring)
                                i - +5 ring of strength

@: no status effects
A: no food or potions, fire vulnerability, cold resistance 1, negative energy
resistance 3, torment resistance, unbreathing
a: Heroism, Renounce Religion


You were on level 6 of the Dungeon.
You worshipped Okawaru.
Okawaru was aware of your devotion.
You were not hungry.

You visited 1 branch of the dungeon, and saw 5 of its levels.

You collected 152 gold pieces.

Inventory:

Hand Weapons
 c - a +0 short sword
 o - a +0 mace (weapon)
Armour
 a - a +0 robe
 g - a +0 leather armour of positive energy
 r - a +1 leather armour of cold resistance (worn)
Jewellery
 i - a +5 ring of strength (left hand)
Wands
 k - a wand of confusion (18/48)
 n - a wand of iceblast (3/15)
Scrolls
 d - 4 scrolls of enchant weapon
 e - a scroll of identify
 f - a scroll of recharging
 h - a scroll of remove curse
 j - a scroll of blinking
 l - a scroll of amnesia
 q - a scroll of magic mapping {unknown}
Books
 b - a book of Necromancy

   Spells                             Type                      Level
   a - Pain                           Necromancy                   1
   b - Animate Skeleton               Necromancy                   1
   c - Vampiric Draining              Necromancy                   3
   d - Regeneration                   Charms/Necromancy            3
   e - Animate Dead                   Necromancy                   4
   f - Control Undead                 Necromancy                   4


   Skills:
 - Level 1.5 Dodging
 - Level 1.5 Stealth
 + Level 4.3 Spellcasting
 + Level 6.1 Necromancy


You had 9 spell levels left.
You knew the following spells:

 Your Spells              Type           Power        Failure   Level  Hunger
a - Pain                  Necr           ###.         1%          1    N/A
b - Vampiric Draining     Necr           ###.......   6%          3    N/A

Dungeon Overview and Level Annotations

Branches:
Dungeon (4/15)
 Temple: D:4-7

Altars:
Okawaru


Innate Abilities, Weirdness & Mutations

You do not eat or drink.
Your flesh is vulnerable to fire.
You are immune to poison.
Your flesh is cold resistant. (rC+)
You are immune to negative energy. (rN+++)
You are immune to unholy pain and torment.
You can survive without breathing.


Message History

The water moccasin zombie bites you.
* * * LOW HITPOINT WARNING * * *
You barely miss the water moccasin zombie.
The water moccasin zombie is heavily damaged.
The water moccasin zombie misses you. The water moccasin zombie bites you.
* * * LOW HITPOINT WARNING * * *
You barely miss the water moccasin zombie.
The water moccasin zombie is heavily damaged.
The water moccasin zombie bites you.
* * * LOW HITPOINT WARNING * * *
You closely miss the water moccasin zombie.
The water moccasin zombie is heavily damaged.
The water moccasin zombie bites you.
* * * LOW HITPOINT WARNING * * *
The water moccasin zombie closely misses you.
You hit the water moccasin zombie.
The water moccasin zombie is heavily damaged.
The water moccasin zombie bites you but does no damage.
The water moccasin zombie bites you.
You die...

#.#.......##
# #.#..#
..#.......#
#.#.>#
..#.......#
#.##.###
..........#
#.#....#
..#.......#
#.#....#
..#.####....
#.#....#
..#.# ....
#.#....#
.(#.# ....
#.#Z...#
..#.#
.....#@#....#
..#.#
#..Z....#
..#.#
####....# ###
######


You could see a water moccasin zombie.

Vanquished Creatures
  A bullfrog zombie (D:6)
  An orc priest (D:3)
  3 orc wizards (D:3)
  4 gnolls
  5 adders
  An ooze (D:3)
  4 worms
  2 dart slugs
  3 leopard geckos
  9 orcs
  2 giant cockroaches
  A goblin (D:2)
  9 hobgoblins
  2 quokkas
  4 bats
  A hobgoblin zombie (D:4)
  A jackal zombie (D:3)
  5 kobolds
  5 rats
63 creatures vanquished.

Notes
Turn   | Place    | Note
-------+----------+-------------------------------------------
     0 | D:1      | Alarkh the Mummy Necromancer began the quest for the Orb.
     0 | D:1      | Reached XP level 1. HP: 13/13 MP: 3/3
   146 | D:1      | Reached XP level 2. HP: 12/19 MP: 0/5
   965 | D:2      | Reached XP level 3. HP: 24/24 MP: 2/6
   970 | D:2      | Learned a level 3 spell: Vampiric Draining
  1639 | D:2      | Reached XP level 4. HP: 17/30 MP: 1/8
  1819 | D:3      | Reached skill level 5 in Necromancy
  2216 | D:3      | Reached XP level 5. HP: 35/35 MP: 7/10
  2509 | D:3      | Found a faded altar of an unknown god.
  2547 | D:3      | Became a worshipper of Warmaster Okawaru
  2547 | D:3      | Reached * piety under Okawaru
  2735 | D:3      | Reached skill level 6 in Necromancy
  2769 | D:3      | Reached XP level 6. HP: 36/41 MP: 4/12
  2803 | D:4      | You fall through a shaft for 2 floors!
  2839 | D:6      | Noticed an ice beast
  2892 | D:6      | Slain by a water moccasin zombie

Skill      XL: |  1  2  3  4  5 |
---------------+----------------+-----
Spellcasting   | 3 4 |  4.3
Necromancy     | 5 6 |  6.1
Dodging        | |  1.5
Stealth        | |  1.5

Action                   |  1- 3 |  4- 6 || total
-------------------------+-------+-------++-------
Melee: Short sword       |    29 |     9 ||    38
       Mace              |       |    38 ||    38
 Cast: Pain              |    65 |    82 ||   147
  Use: Scroll            |     3 |     5 ||     8
 Stab: Sleeping          |     1 |     1 ||     2
Armor: Leather armour    |    10 |    15 ||    25
Dodge: Dodged            |    28 |    55 ||    83
